Map: Oxide LE

Players

Rail

  • Race: Protoss Protoss
  • League: Master
  • Spawn Location: 7:00

uwuThermal (uThermal) - Winner!

  • Race: Terran Terran
  • Spawn Location: 1:00

Event: DreamHack SC2 Masters 2020 Winter

VOD

Have the link to the VOD?

Description

Time

  • Played on: Oct. 31, 2020, 1:50 p.m.
  • Length: 8:49

All games in this series

Show
View Real Time Build Order
Export as new Build Order

Rail Protoss 

Build Orders: 1 Gate Expand, Phoenix Opening, Colossus Rush 

Get SALT Encoding   

  12  0:00  Probe  
  13  0:12  Probe  
  14  0:17  Pylon  
  14  0:24  Probe (Chrono Boost)  
  15  0:37  Gateway, Probe (Chrono Boost)  
  16  0:44  Probe (Chrono Boost)  
  16  0:46  Assimilator  
  17  0:51  Probe  
  18  1:03  Probe  
  19  1:15  Probe  
  20  1:24  Cybernetics Core  
  20  1:35  Nexus  
  20  1:41  Pylon  
  20  1:46  Assimilator  
  20  1:49  Probe  
  21  1:57  Adept (Chrono Boost)  
  23  2:01  Probe  
  24  2:13  Stargate, Probe  
  25  2:20  Adept  
  27  2:26  Probe  
  27  2:27  Warp Gate  
  28  2:39  Probe (Chrono Boost)  
  29  2:46  Probe (Chrono Boost)  
  29  2:49  Adept  
  33  2:56  Phoenix (Chrono Boost), Probe x2 (Chrono Boost)  
  36  3:01  Probe (Chrono Boost)  
  36  3:02  Probe  
  38  3:09  Robotics Facility  
  38  3:13  Probe  
  38  3:17  Gateway  
  39  3:21  Probe  
  39  3:26  Phoenix (Chrono Boost)  
  42  3:28  Probe  
  43  3:37  Pylon  
  43  3:42  Probe  
  44  3:54  Probe  
  42  3:55  Probe  
  42  3:58  Observer  
  43  4:02  Phoenix (Chrono Boost)  
  43  4:03  Pylon  
  43  4:04  Assimilator  
  43  4:06  Probe  
  43  4:07  Assimilator, Probe  
  42  4:19  Adept x2  
  42  4:23  Probe (Chrono Boost)  
  44  4:27  Probe (Chrono Boost)  
  44  4:37  Immortal  
  50  4:38  Probe (Chrono Boost)  
  50  4:40  Probe (Chrono Boost)  
  50  4:44  Pylon, Probe (Chrono Boost)  
  51  4:47  Probe (Chrono Boost)  
  52  4:53  Probe (Chrono Boost)  
  54  5:04  Robotics Bay  
  54  5:05  Probe x2 (Chrono Boost)  
  55  5:09  Probe (Chrono Boost)  
  55  5:11  Probe (Chrono Boost)  
  55  5:14  Zealot  
  59  5:17  Observer (Chrono Boost)  
  59  5:18  Sentry  
  59  5:19  Probe  
  63  5:23  Probe  
  63  5:26  Pylon  
  64  5:28  Nexus  
  64  5:31  Observer (Chrono Boost), Probe  
  64  5:35  Probe  
  67  5:43  Probe  
  67  5:44  Phoenix  
  67  5:47  Probe  
  67  5:48  Pylon  
  71  5:53  Colossus (Chrono Boost)  
  71  5:55  Probe  
  78  6:02  Stalker  
  76  6:17  Probe x2  
  75  6:29  Twilight Council, Probe x2  
  77  6:33  Extended Thermal Lance  
  77  6:42  Immortal (Chrono Boost)  
  77  6:43  Zealot x2  
  77  6:46  Probe (Chrono Boost)  
  86  6:50  Shield Battery, Probe (Chrono Boost)  
  86  6:53  Probe (Chrono Boost)  
  88  6:54  Shield Battery  
  88  6:56  Probe (Chrono Boost)  
  88  6:57  Probe (Chrono Boost)  
  91  7:01  Probe  
  91  7:06  Shield Battery  
  91  7:08  Probe (Chrono Boost)  
  90  7:14  Probe (Chrono Boost)  
  89  7:17  Probe (Chrono Boost)  
  90  7:24  Gateway, Probe (Chrono Boost)  
  90  7:25  Observer  
  90  7:26  Gateway  
  90  7:28  Probe (Chrono Boost)  
  91  7:30  Phoenix  
  91  7:32  Disruptor  
  98  7:37  Probe x2 (Chrono Boost)  
  98  7:42  Probe (Chrono Boost)  
  99  7:44  Probe (Chrono Boost)  
  99  7:46  Probe (Chrono Boost)  
  101  7:52  Pylon  
  101  7:54  Pylon  
  101  8:11  Probe  
  101  8:12  Stalker, Probe  
  109  8:13  Assimilator, Zealot  
  109  8:14  Assimilator, Phoenix  
  112  8:20  Forge  
  112  8:22  Forge  
  94  8:33  Zealot x2  
Show
View Real Time Build Order
Export as new Build Order

uwuThermal Terran - Winner!

Build Orders: Banshee Rush 

Get SALT Encoding   

  12  0:00  SCV  
  13  0:12  SCV  
  14  0:17  Supply Depot  
  14  0:24  SCV  
  15  0:38  SCV  
  15  0:39  Barracks  
  16  0:44  Refinery  
  16  0:50  SCV  
  17  1:02  SCV  
  18  1:14  SCV  
  19  1:26  Orbital Command  
  19  1:28  Barracks Reactor  
  19  1:40  Command Center  
  19  1:46  Supply Depot  
  19  1:52  SCV  
  20  2:04  Marine, SCV  
  20  2:05  Marine  
  23  2:10  Factory  
  23  2:17  SCV, Refinery  
  23  2:22  Marine  
  24  2:23  Marine  
  24  2:29  SCV  
  27  2:40  Marine  
  27  2:41  SCV, Marine  
  30  2:52  Orbital Command  
  30  2:53  SCV  
  30  2:57  Starport  
  31  3:04  Hellion x2  
  35  3:06  SCV  
  35  3:08  Barracks Tech Lab  
  36  3:17  SCV  
  36  3:18  SCV  
  38  3:25  Hellion x2  
  42  3:28  Supply Depot  
  42  3:29  SCV  
  43  3:34  SCV  
  43  3:41  SCV  
  43  3:47  SCV, Banshee  
  46  3:53  SCV  
  42  3:58  Marine x2, Factory Tech Lab  
  42  3:59  SCV, Cloaking Field  
  43  4:06  SCV  
  44  4:11  SCV  
  44  4:16  Marine  
  46  4:18  SCV, Cyclone  
  46  4:19  Marine  
  46  4:20  Command Center  
  51  4:28  Supply Depot  
  51  4:29  SCV  
  51  4:30  Banshee  
  51  4:34  Bunker, Marine  
  51  4:37  Marine, SCV  
  54  4:42  Barracks  
  54  4:47  Barracks  
  54  4:50  SCV  
  54  4:52  Marine  
  56  4:56  SCV  
  56  4:58  Supply Depot, Siege Tank  
  60  5:02  SCV  
  61  5:08  SCV  
  61  5:09  Engineering Bay  
  61  5:10  Engineering Bay  
  62  5:14  Refinery  
  62  5:15  Refinery  
  62  5:19  Marine  
  62  5:20  SCV, Supply Depot  
  64  5:21  Marine  
  64  5:25  SCV  
  64  5:26  Starport Reactor  
  66  5:32  SCV  
  66  5:33  Orbital Command  
  67  5:37  SCV, Marine  
  67  5:38  Factory Reactor  
  67  5:40  Marauder  
  71  5:43  Terran Infantry Weapons Level 1  
  71  5:44  Terran Infantry Armor Level 1  
  71  5:45  Marine, Stimpack  
  71  5:46  Marine  
  73  5:52  SCV  
  73  5:56  SCV  
  75  5:59  Orbital Command  
  75  6:02  Marine  
  75  6:03  Marine, Marauder, Supply Depot  
  79  6:05  SCV, Marauder  
  79  6:08  SCV  
  83  6:13  Combat Shield, Barracks  
  83  6:16  Barracks  
  83  6:17  SCV  
  81  6:20  Widow Mine x2  
  81  6:22  Medivac  
  81  6:23  SCV  
  81  6:24  SCV  
  89  6:27  Medivac  
  89  6:31  Marauder  
  89  6:32  SCV  
  94  6:36  Supply Depot, SCV  
  95  6:41  Marine, Supply Depot  
  95  6:43  Widow Mine  
  95  6:44  Widow Mine  
  95  6:45  SCV  
  101  6:50  Supply Depot  
  101  6:55  Supply Depot  
  101  6:57  Medivac x2, SCV x2  
  101  7:00  Marine x2  
  101  7:01  Supply Depot  
  109  7:02  Barracks Tech Lab  
  109  7:03  Barracks Tech Lab  
  109  7:05  Marine x2  
  111  7:14  SCV  
  109  7:17  Widow Mine x2, Refinery  
  109  7:19  Refinery  
  115  7:23  Marauder x3  
  115  7:24  Missile Turret  
  115  7:26  Armory, Missile Turret  
  115  7:29  Missile Turret  
  119  7:33  SCV x2, Marine x2  
  119  7:34  Marauder  
  125  7:42  SCV  
  125  7:43  Marine  
  125  7:44  Marine, Marauder  
  133  7:45  SCV  
  133  7:49  Supply Depot, Viking  
  133  7:51  Viking  
  135  7:52  SCV, Marine  
  135  7:55  SCV, Marauder  
  135  7:57  SCV  
  139  8:05  SCV  
  140  8:09  SCV, Ghost Academy  
  140  8:11  Starport, Marine, Marauder, Supply Depot  
  140  8:12  Marine  
  136  8:13  Marine  
  138  8:26  Marine, Marauder  
Tags
 
Add a new tag
Caveats
  • Supply blocks, unpowered buildings, or Contaminate may cause inaccurate times.
  • Supply counts are checked every 10 seconds.